 Dungeon Crawl Stone Soup version 0.31-a0-965-g8a8ce12e04 (webtiles) character file.

Game seed: 17724011373837064816

65 gelatine the Changeling (level 3, 0/26 HPs)
             Began as a Demonspawn Shapeshifter on Oct 26, 2023.
             Slain by a gnoll
             ... wielding a +0 flail
              (14 damage)
             ... on level 2 of the Dungeon.
             The game lasted 00:03:04 (1211 turns).

gelatine the Changeling (Demonspawn Shapeshifter)   Turns: 1211, Time: 00:03:04

Health: 0/26       AC:  2    Str: 16    XL:     3   Next: 94%
Magic:  3/3        EV: 12    Int: 11    God:
Gold:   76         SH:  5    Dex: 12    Spells: 2/2 levels left

rFire   . .          .
                       - Unarmed
rCold   . . .        (no shield)
rNeg    . . .        a - +0 animal skin
rPois   .            (helmet currently unavailable)
rElec   .            (cloak currently unavailable)
rCorr   .            (gloves currently unavailable)
SInv    .            (boots currently unavailable)
Will    .....        m - amulet of reflection
Stlth   +            (no ring)
HPRegen 0.24/turn    (no ring)
MPRegen 0.08/turn

%: reflection
@: beast-form
A: beast (slay +1), antennae 1
a: Begin Untransformation


You were on level 2 of the Dungeon.
You were a hulking beast.
You visited 1 branch of the dungeon, and saw 2 of its levels.

You collected 76 gold pieces.

Inventory:

Missiles
 f - 3 poisoned darts
 j - 2 curare-tipped darts
Armour
 a - a +0 animal skin (worn)
Jewellery
 e - an amulet of magic regeneration
 m - an amulet of reflection (around neck)
Talismans
 c - a beast talisman
 d - a flux talisman
Scrolls
 h - a scroll of enchant weapon {unknown}
 i - a scroll of identify {unknown}
Potions
 b - a potion of lignification
 g - a potion of degeneration {unknown}
 k - a potion of berserk rage {unknown}
 l - a potion of heal wounds {unknown}


   Skills:
 + Level 1.2 Fighting
 + Level 2.3 Dodging
 + Level 0.2 Stealth
 + Level 3.3 Unarmed Combat
 * Level 3.3 Shapeshifting


You had 2 spell levels left.
You didn't know any spells.
Your spell library was empty.

Dungeon Overview and Level Annotations

Branches:
Dungeon (2/15)

Altars:


Innate Abilities, Weirdness & Mutations

You are a hulking beast.
Your limbs bulge with bestial killing power. (Slay +1)
You have a pair of small antennae on your head.


Message History

The frilled lizard closely misses you.
You hit the frilled lizard.
You kill the frilled lizard!
You see here a frilled lizard corpse.
Found an escape hatch in the floor. 2 gnolls come into view.
Found a stone staircase leading down.
The gnoll shouts!
A gnoll comes into view. It is wielding a +0 club.
The gnoll shouts!
You hear a shout!
The gnoll barely misses you.
You hit the gnoll.
The gnoll is moderately wounded.
You block the gnoll's attack.
You hit the gnoll.
The gnoll is heavily wounded.
The gnoll closely misses you.
You hit the gnoll.
The gnoll is severely wounded.
You hit the gnoll.
The gnoll is moderately wounded.
You hit the gnoll.
The gnoll is severely wounded.
You block the gnoll's attack. The gnoll closely misses you.
The gnoll hits you with a +0 whip!
You hit the gnoll.
You kill the gnoll!
The gnoll closely misses you. The gnoll hits you with a +0 club.
You hit the gnoll but do no damage. You block the gnoll's attack. x2
You closely miss the gnoll. You punch the gnoll.
The gnoll is heavily wounded.
The gnoll hits you with a +0 club. You block the gnoll's attack.
You hit the gnoll.
The gnoll is almost dead.
You block the gnoll's attack. The gnoll closely misses you.
You hit the gnoll.
You kill the gnoll!
The gnoll hits you with a +0 flail!
Ouch! That really hurt!
You die...

#. ###...###..)# #
.... ##..##..### ..#
#...#.# .># ##....##
# ..# #.....### #.###
#......#....
#...######...###..
#))........#..##..
#hg>..............
###...########.#.##.
##....## #...###
#..##############..##
#...........†........
#####################


You could see a gnoll.

Vanquished Creatures
  2 gnolls (D:2)
  2 adders (D:2)
  A dart slug (D:1)
  A bat (D:1)
  3 endoplasms (D:1)
  3 giant cockroaches
  3 goblins
  2 hobgoblins (D:1)
  5 jackals
  2 quokkas (D:1)
  4 ball pythons
  3 frilled lizards
  2 kobolds
  2 rats (D:1)
35 creatures vanquished.

Notes
Turn   | Place    | Note
-------+----------+-------------------------------------------
     0 | D:1      | gelatine the Demonspawn Shapeshifter began the quest for
                  | the Orb.
     0 | D:1      | Reached XP level 1. HP: 15/15 MP: 1/1
   159 | D:1      | Gained mutation: You have a pair of small antennae on your
                  | head. [demonic ancestry]
   159 | D:1      | Reached XP level 2. HP: 5/21 MP: 2/2
   974 | D:2      | Reached XP level 3. HP: 17/26 MP: 3/3
  1211 | D:2      | Slain by a gnoll

Illustrated notes

Levels and vault maps discovered:
D:1:      dpeg_arrival_triangle_fractal, layout_loops_ring, due_unseen_surprise
D:2:      layout_rooms

Skill      XL: |  1  2 |
---------------+-------+-----
Shapeshifting  | 3 |  3.3
Unarmed Combat | 3 |  3.3
Dodging        | 2 |  2.3
Fighting       | |  1.2
Stealth        | |  0.2

Action                     || total
---------------------------++-------
  Melee: Unarmed           ||    97
         Punch             ||     7
   Stab: Sleeping          ||     1
 Armour: Animal skin       ||    55
  Dodge: Dodged            ||    63
  Block: Other             ||     6

Table legend: (Time is in decaauts)
 A = Elapsed time spent in this place.
 B = Non-inter-level travel time spent in this place.
 C = Inter-level travel time spent in this place.
 D = Time resting spent in this place.
 E = Time spent auto-exploring this place.
 F = Levels seen in this place.
 G = Mean time per level.
                   A        B        C        D        E       F      G
               +--------+--------+--------+--------+--------+-----+--------+
         Total |   1205 |   1124 |     81 |      0 |    845 |   2 |  602.5 |
       Dungeon |   1205 |   1124 |     81 |      0 |    845 |   2 |  602.5 |
               +--------+--------+--------+--------+--------+-----+--------+

Top non-repeatable levels by time:
     D:1: 950 daAuts
     D:2: 254 daAuts
